 Dungeon Crawl Stone Soup version bcrawl-1.15.1 (webtiles) character file.

Game seed: 6421347730295927910

8435 MordorOrchid the Blocker (level 11, -3/126 HPs)
             Began as an Oni Transmuter on Sept 25, 2019.
             Was a Priest of Makhleb.
             Slain by a catoblepas (10 damage)
             ... on level 9 of the Dungeon.
             The game lasted 00:36:54 (11054 turns).

MordorOrchid the Blocker (Oni Transmuter)          Turns: 11054, Time: 00:36:55

Health: -3/126     AC: 25    Str: 13    XL:     11   Next: 30%
Magic:  5/17       EV:  2    Int: 17    God:    Makhleb [***...]
Gold:   213        SH:  0    Dex: 13    Spells: 10/15 levels left

rFire    . . .     SeeInvis .     - Unarmed
rCold    + . .     Gourm    .   u - +3 shield
rNeg     + + +     Faith    .   (armour currently unavailable)
rPois    +         Spirit   .   (helmet currently unavailable)
rElec    .         Reflect  .   (cloak currently unavailable)
rCorr    .         Harm     .   (gloves currently unavailable)
MR       .....     NoTele   +   (boots currently unavailable)
Stlth    +.........             (no amulet)
HPRegen  0.31/turn              F - ring of Xyteopec {+Inv rC+}
MPRegen  0.15/turn              h - ring of poison resistance

@: tree-form, petrifying (expiring), very slightly contaminated, lightly
drained, very slow
A: oni magic
a: Minor Destruction, Lesser Servant of Makhleb, Renounce Religion, Evoke
Invisibility


You were on level 9 of the Dungeon.
You worshipped Makhleb.
Makhleb was most pleased with you.
You were hungry.
You were a tree.
You visited 1 branch of the dungeon, and saw 9 of its levels.

You collected 603 gold pieces.
You spent 390 gold pieces at shops.

Inventory:

Hand Weapons
 b - a +0 blowgun
 j - a +0 hunting sling
 O - the +11 falchion of Disharmony {flame, *Drain +Fly rN+, unknown}
   (You found it on level 9 of the Dungeon)

   It has been specially enchanted to burn those struck by it, causing extra
   injury to most foes and up to half again as much damage against particularly
   susceptible opponents.
   Big, fiery blades are also staple armaments of hydra-hunters.
   It protects you from negative energy.
   It lets you fly.
   It causes draining when unequipped.
Missiles
 a - 1008 arrows
 c - 1601 stones
 e - 194 tomahawks (quivered)
 g - 162 poisoned needles
 i - 68 needles of confusion
 p - 1235 bolts
 w - 123 poisoned tomahawks
 K - 366 sling bullets
Armour
 n - a +0 pair of gloves (melded)
 u - a +3 shield (worn)
 y - a +0 animal skin
 B - a +0 pair of boots
 I - a +0 ring mail
 L - a +0 leather armour (melded)
Jewellery
 h - a ring of poison resistance (right branch)
 l - a +3 ring of evasion
 F - the ring of Xyteopec (left branch) {+Inv rC+}
   (You bought it in a shop on level 6 of the Dungeon)

   [ring of protection from cold]

   It protects you from cold.
   It lets you turn invisible.
 N - an uncursed ring of protection from magic
Wands
 q - a wand of flame (14)
 A - a wand of disintegration (14)
Scrolls
 k - 4 scrolls of remove curse
 o - a scroll of noise {unknown}
 r - 2 scrolls of immolation {unknown}
 t - a scroll of magic mapping
 C - a scroll of amnesia {unknown}
 E - a scroll of fear {unknown}
 G - a scroll of enchant weapon {unknown}
 M - a scroll of blinking
Potions
 d - a potion of lignification
 m - 6 potions of curing
 v - a potion of agility {unknown}
 x - a potion of haste {unknown}
 z - 3 potions of degeneration {unknown}
 D - 3 potions of flight
 H - 2 potions of ambrosia {unknown}
 J - a potion of magic {unknown}
Comestibles
 f - 16 rations {!d}
 s - a chunk of flesh


   Skills:
 - Level 4.0(3.7) Fighting
 * Level 5.9(5.6) Armour
 - Level 2.3(2.1) Dodging
 * Level 9.9(9.5) Shields
 + Level 9.4(9.1) Unarmed Combat
 - Level 2.6(2.4) Spellcasting
 * Level 5.2(4.9) Evocations


You had 10 spell levels left.
You knew the following spells:

 Your Spells              Type           Power        Failure   Level  Hunger
a - Beastly Appendage     Tmut           ##....       12%         1    #......
p - Poisonous Vapours     Pois/Air       ##....       21%         2    ##.....
s - Sticks to Snakes      Tmut           ##......     19%         2    ##.....

Your spell library contained the following spells:

 Spells                   Type           Power        Failure   Level  Hunger
 Sandblast                Erth           ##....       12%         1    #......
 Teleport Other           Tloc           ##......     34%         3    ###....
 Spider Form              Tmut/Pois      ##.          38%         3    ###....
 Ice Form                 Ice/Tmut       ##......     80%         4    #####..
 Summon Ice Beast         Ice/Summ       ##......     80%         4    #####..
 Blade Hands              Tmut           ##........   97%         5    ######.
 Iskenderun's Battlesphe  Conj/Chrm      ##......     98%         5    ######.


Dungeon Overview and Level Annotations

Branches:
Dungeon (9/12)
 Temple: D:4-7         Lair: D:7-9          Orc: D:8-11

Altars:
Ashenzari
Cheibriados
Dithmenos
Fedhas
Hepliaklqana
Lugonu
Makhleb
Qazlal
Ru
Sif Muna
Uskayaw
Wu Jian
Xom
The Shining One

Shops:
D:6 =

Annotations:
D:7 Dowan, Duvessa
D:9 3 runed translucent doors, flt's ghost, journeyman FoAc


Innate Abilities, Weirdness & Mutations

You learn spells by gaining experience, not through books or religion.
You only train spellcasting to practice magic.
((You have sharp fingernails.))
((You have very sharp teeth.))
((You have a pair of small horns on your head.))


Message History

Evoke which item? (* to show all) (? for menu, Esc to quit)
Aiming: Disintegrate
Press: ? - help, Shift-Dir - straight line, f/p - catoblepas
Aim: a catoblepas (heavily wounded, chance to defeat MR: 19%)
The catoblepas resists with almost no effort.
You are engulfed in calcifying dust.
You are slowing down.
Your ball python bites the catoblepas but does no damage.
The catoblepas gores you but does no damage.
Your ball python bites the catoblepas but does no damage. x2
There's nothing to close nearby.
Unknown command.
Evoke which item? (* to show all) (? for menu, Esc to quit)
Aiming: Disintegrate
Press: ? - help, Shift-Dir - straight line, f/p - catoblepas
Aim: a catoblepas (heavily wounded, chance to defeat MR: 19%)
The catoblepas resists with almost no effort.
You are engulfed in calcifying dust.
Your limbs have turned to stone.
The catoblepas gores you!
You die...

.......#......
#...#.)...) #+#
######..)..#... .....
#..#.......#... .....
#..#.....#####.
.....#####.....#..#.....
.....).#.......#..#.....
.<.....#.....######.....
###.#..♣S.#...## ######
.......Y..#....#
###.#..S######.#
#............#
##############


You could see a catoblepas and 2 friendly ball pythons.

Vanquished Creatures
  A hydra (D:8)
  A two-headed ogre (D:9)
  The ghost of Tutankhamun the Bolt Thrower, a novice DsAc of Makhleb (D:5)
  A kobold demonologist (D:9)
  A komodo dragon (D:8)
  A yaktaur (shapeshifter) (D:9)
  5 yaktaurs (D:8)
  A centaur skeleton (D:5)
  A troll (D:8)
  A spriggan (D:7)
  A spriggan (shapeshifter) (D:9)
  A hungry ghost (D:6)
  A water moccasin (D:9)
  4 orc warriors
  A sky beast (D:8)
  2 ice beasts
  A black bear (D:7)
  3 ogres
  A necrophage (D:7)
  3 centaurs (D:8)
  4 bullfrogs
  A crocodile (D:9)
  6 scorpions
  8 wights
  An electric eel (D:9)
  3 howler monkeys
  8 crimson imps
  4 centaur zombies
  2 jellies
  2 hounds
  A bullfrog skeleton (D:4)
  3 orc priests
  Jessica (D:3)
  3 iguanas
  4 worker ants
  8 orc wizards
  A hound skeleton (D:4)
  A howler monkey zombie (D:5)
  A worker ant zombie (D:8)
  11 adders
  A howler monkey skeleton (D:5)
  2 shadow imps
  An ooze (D:4)
  2 adder skeletons
  An adder zombie (D:5)
  3 worms
  3 dart slugs
  4 leopard geckos
  39 orcs
  8 bats
  A giant cockroach (D:2)
  7 goblins
  5 hobgoblins
  4 jackals
  5 quokkas
  6 frilled lizards
  A jackal skeleton (D:4)
  4 kobolds
  A quokka skeleton (D:4)
  7 rats
210 creatures vanquished.

Vanquished Creatures (collateral kills)
  2 orc priests (D:9)
2 creatures vanquished.

Vanquished Creatures (others)
  A scorpion (D:4)
  A howler monkey (D:4)
  An adder (D:9)
  A jackal (D:4)
4 creatures vanquished.

Grand Total: 216 creatures vanquished

Notes
Turn   | Place    | Note
-------+----------+-------------------------------------------
     0 | D:1      | MordorOrchid the Oni Transmuter began the quest for the
                  | Orb.
     0 | D:1      | Reached XP level 1. HP: 16/16 MP: 4/4
   108 | D:1      | Reached XP level 2. HP: 12/23 MP: 4/6
   120 | D:1      | Learned a level 2 spell: Sticks to Snakes
   503 | D:1      | Reached skill level 1 in Armour
   503 | D:1      | Reached XP level 3. HP: 28/28 MP: 5/7
  1420 | D:3      | Noticed Jessica
  1426 | D:3      | Killed Jessica
  1426 | D:3      | Reached XP level 4. HP: 36/36 MP: 6/8
  1433 | D:3      | Learned a level 2 spell: Poisonous Vapours
  2236 | D:4      | Reached XP level 5. HP: 41/41 MP: 3/9
  2273 | D:4      | Found a shimmering altar of Xom.
  2580 | D:4      | Reached XP level 6. HP: 38/50 MP: 7/11
  3265 | D:4      | Found a shimmering blue altar of Sif Muna.
  3486 | D:4      | Found a burning altar of Makhleb.
  3549 | D:4      | Became a worshipper of Makhleb the Destroyer
  3814 | D:5      | Entered Level 5 of the Dungeon
  3846 | D:5      | Reached skill level 1 in Shields
  3846 | D:5      | Reached XP level 7. HP: 34/56 MP: 8/13
  4532 | D:5      | Found a corrupted altar of Lugonu.
  4532 | D:5      | Found a stormy altar of Qazlal.
  4610 | D:5      | Found a hazy altar of Hepliaklqana.
  4634 | D:5      | Found a snail-covered altar of Cheibriados.
  4635 | D:5      | Found a hide-covered altar of Uskayaw.
  4650 | D:5      | Found an ornate altar of the Wu Jian Council.
  4650 | D:5      | Found a glowing golden altar of the Shining One.
  4879 | D:5      | Reached skill level 5 in Shields
  4879 | D:5      | Reached XP level 8. HP: 7/62 MP: 9/14
  5275 | D:5      | Found a burning altar of Makhleb.
  5353 | D:5      | Found a runed translucent door.
  5358 | D:5      | Noticed Tutankhamun's ghost (novice DsAc)
  5385 | D:5      | Killed Tutankhamun's ghost
  5385 | D:5      | Reached skill level 5 in Unarmed Combat
  5661 | D:6      | Reached * piety under Makhleb
  5973 | D:6      | Reached XP level 9. HP: 53/69 MP: 10/15
  6050 | D:6      | Found a shadowy altar of Dithmenos.
  6308 | D:6      | Found Ephiw's Jewellery Shoppe.
  6341 | D:6      | Bought the ring of Xyteopec {+Inv rC+} for 390 gold pieces
  6923 | D:7      | Found a shattered altar of Ashenzari.
  6937 | D:7      | Reached skill level 1 in Evocations
  7045 | D:7      | Noticed Duvessa
  7045 | D:7      | Noticed Dowan
  7366 | D:7      | Reached ** piety under Makhleb
  7719 | D:8      | Noticed a troll
  7813 | D:8      | Reached XP level 10. HP: 74/78 MP: 13/16
  8277 | D:8      | Noticed a four-headed hydra
  8289 | D:8      | Killed a four-headed hydra
  8289 | D:8      | Reached skill level 5 in Armour
  9085 | D:8      | Found a blossoming altar of Fedhas.
  9436 | D:8      | Found a sacrificial altar of Ru.
  9689 | D:9      | Reached XP level 11. HP: 75/84 MP: 13/17
  9716 | D:9      | Noticed a two-headed ogre
  9728 | D:9      | Killed a two-headed ogre
  9728 | D:9      | Reached skill level 5 in Evocations
  9876 | D:9      | Got an ancient falchion
  9982 | D:9      | Reached *** piety under Makhleb
 10702 | D:9      | Found a runed translucent gate.
 10702 | D:9      | Found a runed translucent gate.
 10704 | D:9      | Found a runed translucent gate.
 10704 | D:9      | Noticed flt's ghost (journeyman FoAc)
 10713 | D:9      | Noticed a faun
 10713 | D:9      | an eye of devastation changed into a faun
 10714 | D:9      | Noticed a cyclops
 10714 | D:9      | a faun changed into a cyclops
 10723 | D:9      | Noticed a two-headed ogre
 10725 | D:9      | a two-headed ogre changed into a redback
 10728 | D:9      | Noticed an orb spider
 10728 | D:9      | a jumping spider changed into an orb spider
 11033 | D:9      | Noticed a catoblepas
 11051 | D:9      | HP: 4/84 [catoblepas (11)]
 11054 | D:9      | Slain by a catoblepas

Skill      XL: |  1  2  3  4  5  6  7  8  9 10 11 |
---------------+----------------------------------+-----
Armour         | 1 2 3 4 5 |  5.9
Dodging        | 2 |  2.3
Unarmed Combat | 4 5 7 8 9 |  9.4
Fighting       | 2 3 4 |  4.0
Spellcasting   | 2 |  2.6
Shields        | 1 5 6 8 9 |  9.9
Evocations     | 2 4 5 |  5.2

Action                   |  1- 3 |  4- 6 |  7- 9 | 10-12 || total
-------------------------+-------+-------+-------+-------++-------
Melee: Unarmed           |    90 |   105 |   343 |   241 ||   779
       Headbutt          |     9 |    14 |    66 |    49 ||   138
       Bite              |     1 |     5 |    33 |    27 ||    66
       Kick              |    15 |    11 |    78 |    68 ||   172
       Punch             |     1 |     1 |       |       ||     2
 Fire: Hunting sling     |       |     1 |       |       ||     1
Throw: Tomahawk          |       |       |       |     3 ||     3
 Cast: Beastly Appendage |    20 |    16 |    37 |    29 ||   102
       Poisonous Vapours |       |    32 |    50 |    28 ||   110
       Sticks to Snakes  |       |     1 |    16 |    15 ||    32
 Abil: Evoke Invisibilit |       |       |     2 |     5 ||     7
Evoke: Wand              |       |       |       |    17 ||    17
  Use: Scroll            |     5 |     2 |     6 |     1 ||    14
       Potion            |       |       |     2 |     2 ||     4
 Stab: Distracted        |       |       |     2 |       ||     2
       Invisible         |       |       |     5 |    13 ||    18
  Eat: Chunk             |     2 |    11 |    13 |     9 ||    35
       Ration            |       |       |     2 |     2 ||     4
Armor: Animal skin       |    19 |    17 |    15 |       ||    51
       Leather armour    |       |       |    26 |    17 ||    43
       Skin              |       |       |       |     2 ||     2
Dodge: Dodged            |    58 |    59 |   103 |    68 ||   288
Block: Shield            |       |       |   133 |   149 ||   282
